 Dungeon Crawl Stone Soup version 0.31-a0-875-g02e7d12df6 (webtiles) character file.

Game seed: 1044322716956321768

4 gelatine the Cudgeller (level 1, -1/22 HPs)
             Began as an Ogre Gladiator on Oct 13, 2023.
             Slain by a jackal (2 damage)
             ... on level 1 of the Dungeon.
             The game lasted 00:00:19 (21 turns).

gelatine the Cudgeller (Ogre Gladiator)               Turns: 21, Time: 00:00:20

Health: -1/22      AC:  3    Str: 17    XL:     1   Next: 70%
Magic:  1/1        EV: 10    Int:  9    God:
Gold:   0          SH:  0    Dex: 10    Spells: 0/0 levels left

rFire   . . .        a - +0 flail
rCold   . . .        (no shield)
rNeg    . . .        b - +0 robe
rPois   .            c - +0 hat
rElec   .            (no cloak)
rCorr   .            (gloves unavailable)
SInv    .            (boots unavailable)
Will    .....        (no amulet)
Stlth   +            (no ring)
HPRegen 0.23/turn    (no ring)
MPRegen 0.07/turn

%: no passive effects
@: no status effects
A: large, unfitting armour, tough skin 1
a: no special abilities


You were on level 1 of the Dungeon.
You visited 1 branch of the dungeon, and saw 1 of its levels.

Inventory:

Hand Weapons
 a - a +0 flail (weapon)
Missiles
 d - 3 throwing nets
Armour
 b - a +0 robe (worn)
 c - a +0 hat (worn)


   Skills:
 + Level 2.7 Fighting
 + Level 2.8 Maces & Flails
 + Level 2.0 Throwing
 + Level 2.8 Dodging


You couldn't memorise any spells.
You didn't know any spells.
Your spell library was empty.

Dungeon Overview and Level Annotations

Branches:
Dungeon (1/15)

Altars:


Innate Abilities, Weirdness & Mutations

You are too large for most types of armour.
You have tough skin. (AC +1)


Message History

You hear a bark!
The kobold throws a stone.
The stone hits you.
You barely miss the frilled lizard.
A jackal comes into view.
The frilled lizard bites you.
You closely miss the frilled lizard.
A jackal comes into view.
The jackal bites you but does no damage.
The frilled lizard barely misses you. The jackal bites you.
The frilled lizard barely misses you. The kobold hits you but does no damage.
The jackal barks!
You barely miss the frilled lizard. The jackal bites you.
The frilled lizard closely misses you.
You barely miss the frilled lizard. The jackal closely misses you.
The frilled lizard bites you but does no damage.
The jackal closely misses you. The jackal bites you.
You sock the frilled lizard!
You kill the frilled lizard!
The jackal bites you. x2; The jackal closely misses you.
The jackal bites you.
* * * LOW HITPOINT WARNING * * *
A giant cockroach comes into view.
Unknown command.
You closely miss the jackal. The jackal bites you.
* * * LOW HITPOINT WARNING * * *
The goblin closely misses you.
The jackal bites you but does no damage.
The jackal barely misses you. The goblin barely misses you.
The jackal bites you.
* * * LOW HITPOINT WARNING * * *
You hit the goblin.
The goblin is moderately wounded.
The jackal misses you.
The jackal bites you but does no damage.
The goblin closely misses you.
You sock the goblin!
You kill the goblin!
The jackal closely misses you.
The jackal bites you but does no damage.
The jackal barely misses you. The jackal bites you.
You die...

##. ## .... #)##
#...### #~~.
##....... .~~##
#.......#
#.####...(...# #
##)##......)..# ##
#<#.##........#
#..###.###hK.....#
#...##.#@#..B....
#...#.#hh#......
#..............
##.###......... #.
#......... #
..........
........$>
#........
#..##....


You could see 3 jackals, a giant cockroach and a kobold.

Vanquished Creatures
  A dart slug (D:1)
  An endoplasm (D:1)
  A goblin (D:1)
  A frilled lizard (D:1)
4 creatures vanquished.

Notes
Turn   | Place    | Note
-------+----------+-------------------------------------------
     0 | D:1      | gelatine the Ogre Gladiator began the quest for the Orb.
     0 | D:1      | Reached XP level 1. HP: 22/22 MP: 1/1
    19 | D:1      | HP: 1/22 [jackal (1)]
    21 | D:1      | Slain by a jackal

Illustrated notes

Levels and vault maps discovered:
D:1:      spicycebolla_green_bress_n_ham_2, layout_rooms, dk_noncrumbling_3,
          hangedman_glass_teeth

Action                     || total
---------------------------++-------
  Melee: Flail             ||    10
  Throw: Large rock        ||     1
 Armour: Robe              ||    17
  Dodge: Dodged            ||    16

Table legend: (Time is in decaauts)
 A = Elapsed time spent in this place.
 B = Non-inter-level travel time spent in this place.
 C = Inter-level travel time spent in this place.
 D = Time resting spent in this place.
 E = Time spent auto-exploring this place.
 F = Levels seen in this place.
 G = Mean time per level.
                   A        B        C        D        E       F      G
               +--------+--------+--------+--------+--------+-----+--------+
         Total |     24 |     24 |      0 |      0 |      5 |   1 |   24.0 |
       Dungeon |     24 |     24 |      0 |      0 |      5 |   1 |   24.0 |
               +--------+--------+--------+--------+--------+-----+--------+

Top non-repeatable levels by time:
     D:1: 24 daAuts
